 Dungeon Crawl Stone Soup version 0.32-a0-473-gd044c6f0f0 (webtiles) character file.

Game seed: 9080353585555081561

149 BubbleThief the Caller (level 5, -4/28 HPs)
             Began as a Tengu Summoner on Feb 24, 2024.
             Slain by Crazy Yiuf
             ... wielding a +4 quarterstaff of chaos
              (12 damage)
             ... on level 2 of the Dungeon on Feb 25, 2024.
             The game lasted 00:04:57 (2576 turns).

BubbleThief the Caller (Tengu Summoner)             Turns: 2576, Time: 00:04:57

Health: -4/28      AC:  2    Str:  8    XL:     5   Next: 31%
Magic:  2/9        EV: 12    Int: 18    God:
Gold:   156        SH:  0    Dex: 14    Spells: 4/8 levels left

rFire   . . .        l - +2 mace (heavy)
rCold   . . .        (no shield)
rNeg    . . .        a - +0 robe
rPois   .            (helmet restricted)
rElec   .            (no cloak)
rCorr   .            (no gloves)
SInv    .            (boots unavailable)
Will    .....        (no amulet)
Stlth   ++           (no ring)
HPRegen 0.24/turn    (no ring)
MPRegen 0.11/turn

%: acrobat
@: inugami summoned
A: beak, talons 3, acrobatic
a: no special abilities


You were on level 2 of the Dungeon.
You visited 1 branch of the dungeon, and saw 2 of its levels.

You collected 156 gold pieces.

Inventory:

Hand Weapons
 i - a +0 dagger
 l - a +2 heavy mace (weapon)
Armour
 a - a +0 robe (worn)
Wands
 n - a wand of paralysis (15)
Scrolls
 d - 2 scrolls of identify {unknown}
 f - a scroll of vulnerability {unknown}
 g - a scroll of teleportation {unknown}
 j - a scroll of immolation {unknown}
 m - a scroll of summoning {unknown}
Potions
 b - a potion of magic
 c - a potion of heal wounds {unknown}
 e - a potion of attraction {unknown}
 h - 2 potions of degeneration {unknown}
 k - a potion of ambrosia {unknown}


   Skills:
 - Level 2.1 Dodging
 - Level 2.0 Stealth
 - Level 2.0 Spellcasting
 * Level 7.7 Summonings


You had 4 spell levels left.
You knew the following spells:

 Your Spells              Type           Power      Damage    Failure   Level
a - Summon Small Mammal   Summ           100%       N/A       1%          1
b - Call Canine Familiar  Summ           29%        N/A       2%          3

Your spell library contained the following spells:

 Spells                   Type           Power      Damage    Failure   Level
 Call Imp                 Summ           58%        N/A       1%          2
 Summon Ice Beast         Ice/Summ       15%        N/A       11%         3
 Shock                    Conj/Air       4%         1d3       19%         1
 Summon Blazeheart Golem  Fire/Summ      15%        N/A       36%         4
 Summon Lightning Spire   Summ/Air       15%        N/A       36%         4
 Hailstorm                Conj/Ice       1%         3d5       47%         3
 Swiftness                Air            1%         N/A       47%         3
 Airstrike                Air            0%         2d(1-17)  87%         4
 Sculpt Simulacrum        Ice/Alch       0%         N/A       100%        6


Dungeon Overview and Level Annotations

Branches:
Dungeon (2/15)

Altars:

Annotations:
D:2 Crazy Yiuf


Innate Abilities, Weirdness & Mutations

You have a beak for a mouth.
You have claws for feet.
You can magically evade attacks while moving or waiting.


Message History

Unknown command.
Casting: Call Canine Familiar (dangerous; 2% risk of failure)
Confirm with . or Enter, or press ? or * to list all spells.
Crazy Yiuf shouts!
Casting: Summon Small Mammal (safe; 1% risk of failure)
Confirm with . or Enter, or press ? or * to list all spells.
Crazy Yiuf hits your rat with a +4 quarterstaff of chaos!
Your rat dies!
Your rat's corpse disappears in a puff of smoke!
Your bat hits Crazy Yiuf but does no damage.
A nearby fungus withers and dies.
Your bat hits Crazy Yiuf but does no damage.
Your bat hits Crazy Yiuf.
Crazy Yiuf hits your bat with a +4 quarterstaff of chaos!
Crazy Yiuf freezes your bat.
Your bat dies!
Your bat's corpse disappears in a puff of smoke!
Okay, then.
Crazy Yiuf cries, "Goober!
Liver mumblescurry testudinal."
Crazy Yiuf says, "Defame!
Iron senile noodlescoop."
Crazy Yiuf flaps his cloak.
Your familiar recovers from its injuries.
Crazy Yiuf sings, "Trees, trees, trees, circus!"
Casting: Summon Small Mammal (safe; 1% risk of failure)
Confirm with . or Enter, or press ? or * to list all spells.
You call for your canine familiar and it appears with a howl!
Crazy Yiuf says, "Dawk sing dark!"
Crazy Yiuf laughs, "Buddy!
Goldfish meccalolo foot."
Your inugami hits Crazy Yiuf.
Crazy Yiuf glowers.
Your inugami closely misses Crazy Yiuf.
You hit Crazy Yiuf. Your peck misses Crazy Yiuf.
Crazy Yiuf is almost dead.
Crazy Yiuf hits you with a +4 quarterstaff of chaos!
Ouch! That really hurt!
Crazy Yiuf freezes you.
* * * LOW HITPOINT WARNING * * *
Your inugami barely misses Crazy Yiuf.
Crazy Yiuf hits you with a +4 quarterstaff of chaos!
You die...

### ##.##
..#.##############
##...............#
.................#
#...####.######..#
#...##.........g@#
..........#####h.#
....##.#..# #..#
....##.#..# #..#
###.##.#..# #..#
###<##.#..# #..#
#.........# #..#
.........######..#
#.#.##...........#


You could see Crazy Yiuf (ally target) and a friendly inugami (summoned).

Vanquished Creatures
  An adder (D:2)
  A dart slug (D:2)
  2 ball pythons (D:2)
  A bat (D:2)
  A giant cockroach (D:1)
  3 hobgoblins (D:1)
  A jackal (D:1)
  A quokka (D:1)
  A frilled lizard (D:2)
  A goblin (D:2)
  A rat (D:2)
14 creatures vanquished.

Vanquished Creatures (collateral kills)
  An ogre (D:2)
  An adder (D:2)
  3 ribbon worms (D:2)
  An endoplasm (D:2)
  2 giant cockroaches (D:1)
  2 goblins (D:2)
  A hobgoblin (D:2)
  2 jackals (D:1)
  2 kobolds
  A quokka (D:1)
  A ball python (D:1)
  3 bats
  A frilled lizard (D:2)
  2 rats (D:1)
23 creatures vanquished.

Grand Total: 37 creatures vanquished

Notes
Turn   | Place    | Note
-------+----------+-------------------------------------------
     0 | D:1      | BubbleThief the Tengu Summoner began the quest for the Orb.
     0 | D:1      | Reached XP level 1. HP: 10/10 MP: 4/4
   115 | D:1      | Reached skill level 5 in Summonings
   223 | D:1      | Reached XP level 2. HP: 15/15 MP: 4/6
  1381 | D:2      | Upgraded the game from 0.32-a0-450-g080537f31e to
                  | 0.32-a0-473-gd044c6f0f0
  1424 | D:2      | Reached skill level 6 in Summonings
  1424 | D:2      | Reached XP level 3. HP: 18/19 MP: 4/7
  1428 | D:2      | Learned a level 3 spell: Call Canine Familiar
  1806 | D:2      | Found a runed translucent door.
  1807 | D:2      | Noticed Crazy Yiuf
  2071 | D:2      | Reached XP level 4. HP: 20/24 MP: 5/8
  2217 | D:2      | Noticed an ogre
  2226 | D:2      | Killed an ogre
  2227 | D:2      | Reached skill level 7 in Summonings
  2227 | D:2      | Reached XP level 5. HP: 28/28 MP: 5/9
  2576 | D:2      | Slain by Crazy Yiuf

Illustrated notes

Levels and vault maps discovered:
D:1:      psy_arrival_radial02, layout_basic
D:2:      layout_loops_ring, wander_ebering_terrifying_dragon_lair,
          uniq_crazy_yiuf_cottage

Skill      XL: |  1  2  3  4 |
---------------+-------------+-----
Summonings     | 5 6 7 |  7.7
Dodging        | |  2.1
Stealth        | |  2.0
Spellcasting   | |  2.0

Action                     |  1- 3 |  4- 6 || total
---------------------------+-------+-------++-------
  Melee: Unarmed           |    39 |       ||    39
         Kick              |    12 |     1 ||    13
         Peck              |     8 |       ||     8
         Dagger            |    11 |       ||    11
         Mace              |     3 |     6 ||     9
   Cast: Summon Small Mamm |    24 |     3 ||    27
         Call Canine Famil |     6 |     5 ||    11
   Stab: Sleeping          |     1 |     1 ||     2
 Armour: Robe              |    26 |     8 ||    34
  Dodge: Dodged            |    85 |     2 ||    87

Table legend: (Time is in decaauts)
 A = Elapsed time spent in this place.
 B = Non-inter-level travel time spent in this place.
 C = Inter-level travel time spent in this place.
 D = Time resting spent in this place.
 E = Time spent auto-exploring this place.
 F = Levels seen in this place.
 G = Mean time per level.
                   A        B        C        D        E       F      G
               +--------+--------+--------+--------+--------+-----+--------+
         Total |   2583 |   2563 |     20 |      0 |   2107 |   2 | 1291.5 |
       Dungeon |   2583 |   2563 |     20 |      0 |   2107 |   2 | 1291.5 |
               +--------+--------+--------+--------+--------+-----+--------+

Top non-repeatable levels by time:
     D:1: 1353 daAuts
     D:2: 1230 daAuts
